 Dungeon Crawl Stone Soup version 0.31-a0-150-g89dc3ad700 (webtiles) character file.

Game seed: 345522817959675819

8224 qw the Skirmisher (level 11, -3/99 HPs)
             Began as a Minotaur Hunter on June 8, 2023.
             Was a Priest of Okawaru.
             Slain by a wolf (6 damage)
             ... on level 1 of the Lair of Beasts.
             The game lasted 00:02:54 (7991 turns).

qw the Skirmisher (Minotaur Hunter)                 Turns: 7991, Time: 00:02:55

Health: -3/99      AC:  9    Str: 16    XL:     11   Next: 7%
Magic:  11/13      EV: 20    Int:  6    God:    Okawaru [***...]
Gold:   195        SH:  0    Dex: 18    Spells: 10/10 levels left

rFire   + . .        Y - +1 arbalest
rCold   + . .        (shield currently unavailable)
rNeg    + . .        m - +2 robe {rC+ rF+}
rPois   .            (helmet restricted)
rElec   .            a - +0 cloak
rCorr   .            c - +2 pair of gloves
SInv    +            (no boots)
Will    .....        (no amulet)
Stlth   +++          f - ring of positive energy
HPRegen 0.36/turn    h - ring of see invisible
MPRegen 0.13/turn

%: no passive effects
@: about to teleport, heroic
A: horns 2, retaliatory headbutt
a: Renounce Religion, Heroism


You were on level 1 of the Lair of Beasts.
You worshipped Okawaru.
Okawaru was most pleased with you.
You visited 3 branches of the dungeon, and saw 13 of its levels.

You collected 528 gold pieces.
You spent 333 gold pieces at shops.


Innate Abilities, Weirdness & Mutations

You have a pair of horns on your head.
You reflexively headbutt those who attack you in melee.


   Skills:
 - Level 10.0(15.0) Fighting
 + Level 14.3(19.3) Ranged Weapons
 - Level 4.0(9.0) Armour
 - Level 7.2(12.2) Dodging
 - Level 0.7(5.7) Stealth
 - Level 4.0 Invocations


You had 10 spell levels left.
You didn't know any spells.
Your spell library was empty.

Inventory:

Hand Weapons
 Y - a +1 arbalest (weapon)
Armour
 a - a +0 cloak (worn)
 c - a +2 pair of gloves (worn)
 d - the +2 leather armour of Circular Logic {rC- Dex+6 Stlth+}
   (You found it on level 1 of the Lair of Beasts)

   Dex:       It affects your dexterity (+6).
   rC:        It makes you vulnerable to cold.
   Stlth:     It makes you more stealthy.
 m - a +2 robe of resistance (worn)
Jewellery
 f - a ring of positive energy (left hand)
 h - a ring of see invisible (right hand)
 i - a ring of ice
 l - a ring of willpower
Wands
 j - a wand of digging (3)
Scrolls
 g - a scroll of identify
Potions
 b - a potion of magic
 e - a potion of resistance

Dungeon Overview and Level Annotations

Branches:
Dungeon (11/15)            Temple (1/1) D:4            Lair (1/5) D:9
    Orc: D:9-12

Altars:
Ashenzari
Cheibriados
Dithmenos
Elyvilon
Fedhas
Gozag
Kikubaaqudgha
Makhleb
Nemelex Xobeh
Okawaru
Qazlal
Ru
Sif Muna
Trog
Uskayaw
Vehumet
Wu Jian
Xom
Yredelemnul
Zin
The Shining One

Shops:
D:3 (   D:6 *

Annotations:
D:6 1 runed translucent door, qw's ghost, novice GrFi


Message History

The wolf bites you but does no damage. The wolf bites you. x2
The basilisk bites you but does no damage.
The wolf bites you! The wolf bites you. The wolf bites you!
A blink frog comes into view.
The wolf bites you!
The basilisk bites you but does no damage.
The wolf barely misses you. The wolf bites you! The wolf bites you.
The basilisk gazes at you. The wolf bites you.
The wolf bites you but does no damage. The wolf bites you.
The basilisk bites you. The wolf bites you. The wolf bites you.
The wolf bites you but does no damage.
The blink frog hits you but does no damage.
The wolf bites you but does no damage. The basilisk bites you!
You turn to flesh and can move again.
7988 ||| INVOKING Heroism.
You gain the combat prowess of a mighty hero.
The wolf bites you. The wolf closely misses you. The blink frog misses you.
You furiously retaliate!
You headbutt the blink frog! The wolf barely misses you.
You furiously retaliate!
You headbutt the wolf! The basilisk bites you! The blink frog hits you!
The wolf bites you but does no damage.
7989 ||| READING scroll of teleportation.
As you read the scroll of teleportation, it crumbles to dust.
You feel strangely unstable. The wolf closely misses you.
The wolf barely misses you. The blink frog completely misses you.
You furiously retaliate!
You headbutt the blink frog. The basilisk misses you. You furiously retaliate!
You headbutt the basilisk. The wolf misses you.
You shoot a bolt. The bolt misses the wolf.
The wolf barely misses you. The blink frog barely misses you.
You furiously retaliate!
You headbutt the blink frog. The wolf bites you! The wolf misses you.
The basilisk barely misses you. You furiously retaliate!
You headbutt the basilisk! You shoot a bolt. The bolt hits the basilisk!
The basilisk is almost dead.
The wolf bites you but does no damage. The blink frog closely misses you.
The wolf misses you. You furiously retaliate!
You headbutt the wolf! The wolf bites you.
You die...

. ~ . .~ 7#. .# .~~.7..
...# .....~..######...#.
~~.~.~.~....F@h......
~~.~.~~.7....hl......
.~~..~.~..~7##.####.....
.~~..~.~.~.........#...#
...~~~~~~~.............#
.~~..~~..~7........#...#
.#
...~~~.~..7........#...#
..#
.~~..~..~..........#...#
#.#
..~.~~~....#.......#...#
#.#


You could see a basilisk, a blink frog and 2 wolves.

Vanquished Creatures
  Maurice (D:8)
  A cane toad (Lair:1)
  6 yaks (D:9)
  A wraith (D:7)
  3 wyverns (D:9)
  5 basilisks
  Grum (D:8)
  2 steam dragons
  7 water moccasins
  2 orc warriors
  4 black bears
  2 sky beasts (D:7)
  An ice beast (D:6)
  3 ogres
  5 wolves
  6 centaurs
  2 phantoms (D:5)
  A kobold brigand (D:9)
  6 scorpions
  8 bullfrogs
  3 wights (D:7)
  5 killer bees (D:5)
  2 jellies
  3 hounds
  7 orc priests
  2 sleepcaps
  4 iguanas
  12 orc wizards
  6 adders
  2 white imps
  An ufetubus (D:5)
  2 dart slugs
  24 orcs
  7 ball pythons
  6 endoplasms
  6 giant cockroaches
  11 goblins
  6 hobgoblins
  7 quokkas
  2 bats
  2 frilled lizards (D:1)
  9 kobolds
  3 rats (D:3)
199 creatures vanquished.

Notes
Turn   | Place    | Note
-------+----------+-------------------------------------------
     0 | D:1      | qw the Minotaur Hunter began the quest for the Orb.
     0 | D:1      | Reached XP level 1. HP: 18/18 MP: 0/0
     0 | D:1      | 0 ||| qw: Version: 0.2-a-119-g0488c42
     0 | D:1      | 0 ||| qw: Game counter: 2740
     0 | D:1      | 0 ||| qw: Always use a shield: true
     0 | D:1      | 0 ||| qw: God list: Okawaru
     0 | D:1      | 0 ||| qw: Allow faded altars: false
     0 | D:1      | 0 ||| qw: Do Orc after D:15 true
     0 | D:1      | 0 ||| qw: Do second Lair branch before Depths: true
     0 | D:1      | 0 ||| qw: Lair rune preference: random
     0 | D:1      | 0 ||| qw: Plans: Normal
     0 | D:1      | 0 ||| PLANNING D:1-11
   128 | D:1      | Reached XP level 2. HP: 25/25 MP: 1/1
   282 | D:1      | Reached skill level 5 in Ranged Weapons
   471 | D:1      | Reached skill level 3 in Fighting
   792 | D:1      | 792 ||| READING scroll labelled SEJE NITZOMO.
   793 | D:1      | 793 ||| DROPPING scroll of butterflies.
   880 | D:2      | Noticed a scorpion
   888 | D:2      | Killed a scorpion
   889 | D:2      | Reached skill level 6 in Ranged Weapons
   889 | D:2      | Reached XP level 3. HP: 26/31 MP: 2/2
   889 | D:2      | Reached XP level 4. HP: 32/38 MP: 3/3
  1184 | D:2      | 1184 ||| READING scroll labelled BAISKE QEAQAW.
  1522 | D:3      | Found Ecyas's Antique Weapon Emporium.
  1557 | D:3      | 1557 ||| BUYING runed shortbow (126 gold).
  1557 | D:3      | Bought a runed shortbow for 126 gold pieces
  1557 | D:3      | 1557 ||| SWAPPING to +5 shortbow.
  1558 | D:3      | 1558 ||| DROPPING +0 shortbow.
  1935 | D:3      | 1935 ||| UPGRADING to ring of positive energy.
  1936 | D:3      | 1936 ||| UPGRADING to ring of see invisible.
  1937 | D:3      | 1937 ||| READING 2 scrolls labelled OFEPRO NOBUE.
  2018 | D:4      | Reached XP level 5. HP: 46/46 MP: 4/4
  2092 | D:4      | Reached skill level 7 in Ranged Weapons
  2100 | D:4      | Reached XP level 6. HP: 26/52 MP: 5/5
  2211 | D:4      | Found a radiant altar of Vehumet.
  2275 | D:4      | Found a staircase to the Ecumenical Temple.
  2276 | D:4      | 2276 ||| PLANNING TEMPLE
  2276 | D:4      | 2276 ||| UPGRADING to +0 ring mail.
  2286 | D:4      | 2286 ||| DROPPING +0 leather armour.
  2287 | D:4      | 2287 ||| DRINKING 2 orange potions.
  2288 | D:4      | 2288 ||| DROPPING potion of attraction.
  2298 | Temple   | Entered the Ecumenical Temple
  2299 | Temple   | 2299 ||| PLANNING OKAWARU WORSHIP
  2305 | Temple   | Became a worshipper of Warmaster Okawaru
  2305 | Temple   | 2305 ||| PLANNING D:1-11
  2407 | D:4      | 2407 ||| SWAPPING to +0 arbalest.
  2408 | D:4      | 2408 ||| DROPPING +5 shortbow.
  2695 | D:4      | Reached skill level 1 in Armour
  2760 | D:4      | 2760 ||| READING 2 scrolls labelled JINKIM PUMAITSU.
  2761 | D:4      | 2761 ||| READING scroll labelled CURI COORUV.
  2762 | D:4      | 2762 ||| READING 3 scrolls of identify.
  2762 | D:4      | 2762 ||| IDENTIFYING silvery potion
  2763 | D:4      | 2763 ||| READING 2 scrolls of identify.
  2763 | D:4      | 2763 ||| IDENTIFYING purple potion
  2764 | D:4      | 2764 ||| DROPPING scroll of blinking.
  2795 | D:5      | Entered Level 5 of the Dungeon
  2848 | D:5      | Reached skill level 8 in Ranged Weapons
  3056 | D:5      | Reached * piety under Okawaru
  3057 | D:5      | Reached XP level 7. HP: 58/61 MP: 6/6
  3103 | D:5      | Reached skill level 1 in Invocations
  3106 | D:5      | 3106 ||| INVOKING Heroism.
  3251 | D:5      | Reached skill level 9 in Ranged Weapons
  3253 | D:5      | 3253 ||| INVOKING Heroism.
  3256 | D:5      | HP: 13/61 [killer bee (8)]
  3258 | D:5      | Reached skill level 3 in Dodging
  3258 | D:5      | 3258 ||| DRINKING potion of curing.
  3258 | D:5      | 3258 ||| (to cure poison)
  3448 | D:5      | Reached skill level 3 in Invocations
  3541 | D:5      | Found an opulent altar of Gozag.
  3600 | D:5      | Reached XP level 8. HP: 53/68 MP: 9/9
  3770 | D:5      | Found a snail-covered altar of Cheibriados.
  3835 | D:5      | 3835 ||| READING scroll labelled WOSITUL ZUSHYI.
  3836 | D:5      | 3836 ||| READING scroll labelled ITIGIT YBAAKOU.
  3837 | D:5      | 3837 ||| READING scroll labelled GEECUN FAFFIU.
  3838 | D:5      | 3838 ||| READING scroll labelled OQUQIO JUOSERCHA.
  3839 | D:5      | 3839 ||| DRINKING 2 white potions.
  3840 | D:5      | 3840 ||| DROPPING potion of enlightenment.
  3879 | D:6      | 3879 ||| INVOKING Heroism.
  3896 | D:6      | Found a runed translucent door.
  3902 | D:6      | 3902 ||| INVOKING Heroism.
  3907 | D:6      | Reached skill level 6 in Fighting
  4136 | D:6      | Found a hide-covered altar of Uskayaw.
  4350 | D:6      | Found a shadowy altar of Dithmenos.
  4385 | D:6      | 4385 ||| INVOKING Heroism.
  4519 | D:6      | Found Xeoddin's Assorted Antiques.
  4527 | D:6      | 4527 ||| BUYING glass wand (92 gold).
  4527 | D:6      | Bought a glass wand for 92 gold pieces
  4527 | D:6      | 4527 ||| BUYING scroll labelled MIENEL LEUS (23 gold).
  4527 | D:6      | Bought a scroll labelled MIENEL LEUS for 23 gold pieces
  4527 | D:6      | 4527 ||| BUYING scroll of identify (46 gold).
  4527 | D:6      | Bought a scroll of identify for 46 gold pieces
  4527 | D:6      | 4527 ||| BUYING scroll of identify (46 gold).
  4527 | D:6      | Bought a scroll of identify for 46 gold pieces
  4659 | D:6      | Found a blossoming altar of Fedhas.
  4777 | D:6      | Noticed qw's ghost (novice GrFi)
  4869 | D:6      | 4869 ||| UPGRADING to +0 pair of gloves.
  4874 | D:6      | 4874 ||| READING scroll of enchant armour.
  4874 | D:6      | 4874 ||| ENCHANTING +0 pair of gloves.
  4875 | D:6      | 4875 ||| READING scroll labelled GECSIBIOMM.
  4876 | D:6      | 4876 ||| READING scroll labelled MIENEL LEUS.
  4880 | D:6      | 4880 ||| READING 4 scrolls of identify.
  4880 | D:6      | 4880 ||| IDENTIFYING ruby potion
  4881 | D:6      | 4881 ||| READING 3 scrolls of identify.
  4881 | D:6      | 4881 ||| IDENTIFYING cyan potion
  4882 | D:6      | 4882 ||| READING 2 scrolls of identify.
  4882 | D:6      | 4882 ||| IDENTIFYING black potion
  4883 | D:6      | 4883 ||| DROPPING potion of berserk rage.
  4884 | D:6      | 4884 ||| DROPPING wand of iceblast (2).
  4885 | D:6      | 4885 ||| DROPPING potion of brilliance.
  4901 | D:7      | 4901 ||| INVOKING Heroism.
  4906 | D:7      | Reached skill level 10 in Ranged Weapons
  4946 | D:7      | 4946 ||| FLEEEEING.
  4949 | D:7      | 4949 ||| STAIRDANCE
  5106 | D:7      | 5106 ||| INVOKING Heroism.
  5122 | D:7      | Identified the +2 scale mail of the Moon Troll {rElec rF+
                  | rN+ Str-5}
  5227 | D:7      | 5227 ||| INVOKING Heroism.
  5229 | D:7      | Reached XP level 9. HP: 25/79 MP: 8/11
  5230 | D:7      | HP: 17/79 [poisoned by a water moccasin]
  5235 | D:7      | HP: 9/79 [poisoned by a water moccasin]
  5240 | D:7      | HP: 6/79 [poisoned by a water moccasin]
  5481 | D:7      | 5481 ||| INVOKING Heroism.
  5674 | D:7      | Reached skill level 11 in Ranged Weapons
  5732 | D:7      | Reached skill level 3 in Armour
  5813 | D:7      | 5813 ||| Stepping ~*~*~tactically~*~*~ (cloud).
  5815 | D:7      | 5815 ||| INVOKING Heroism.
  5865 | D:7      | 5865 ||| READING scroll of enchant armour.
  5865 | D:7      | 5865 ||| ENCHANTING +1 pair of gloves.
  5868 | D:7      | 5868 ||| DROPPING amulet of guardian spirit.
  5869 | D:7      | 5869 ||| READING scroll labelled MIFOJI KOATSE.
  5990 | D:8      | Noticed Maurice
  6000 | D:8      | Killed Maurice
  6001 | D:8      | Reached skill level 12 in Ranged Weapons
  6023 | D:8      | 6023 ||| INVOKING Heroism.
  6118 | D:8      | 6118 ||| UPGRADING to +0 cloak.
  6163 | D:8      | Noticed Grum
  6164 | D:8      | 6164 ||| INVOKING Heroism.
  6171 | D:8      | Killed Grum
  6229 | D:8      | 6229 ||| DRINKING potion of curing.
  6229 | D:8      | 6229 ||| (to cure confusion)
  6232 | D:8      | 6232 ||| Stepping ~*~*~tactically~*~*~ (outnumbered).
  6233 | D:8      | 6233 ||| Stepping ~*~*~tactically~*~*~ (outnumbered).
  6235 | D:8      | 6235 ||| INVOKING Heroism.
  6390 | D:8      | You fall into a shaft and drop 3 floors!
  6403 | D:10     | Entered Level 10 of the Dungeon
  6412 | D:10     | 6412 ||| INVOKING Heroism.
  6501 | D:10     | Reached XP level 10. HP: 79/88 MP: 12/12
  6546 | D:10     | 6546 ||| UPGRADING to +1 robe of resistance.
  6684 | D:9      | 6684 ||| Stepping ~*~*~tactically~*~*~ (outnumbered).
  6686 | D:9      | 6686 ||| Stepping ~*~*~tactically~*~*~ (outnumbered).
  6688 | D:9      | 6688 ||| INVOKING Heroism.
  6689 | D:9      | 6689 ||| Stepping ~*~*~tactically~*~*~ (outnumbered).
  6692 | D:9      | 6692 ||| Stepping ~*~*~tactically~*~*~ (outnumbered).
  6703 | D:9      | Reached skill level 6 in Dodging
  6711 | D:9      | 6711 ||| INVOKING Heroism.
  6783 | D:9      | 6783 ||| READING scroll of enchant armour.
  6783 | D:9      | 6783 ||| ENCHANTING +1 robe of resistance.
  6847 | D:9      | 6847 ||| DROPPING +0 ring mail.
  6848 | D:9      | 6848 ||| READING 2 scrolls of identify.
  6848 | D:9      | 6848 ||| IDENTIFYING bubbling brown potion
  6849 | D:9      | 6849 ||| DROPPING potion of lignification.
  6973 | D:8      | Reached skill level 13 in Ranged Weapons
  7043 | D:8      | 7043 ||| DROPPING amulet of magic regeneration.
  7106 | D:9      | Reached ** piety under Okawaru
  7108 | D:9      | 7108 ||| INVOKING Heroism.
  7112 | D:9      | Reached skill level 9 in Fighting
  7135 | D:9      | 7135 ||| INVOKING Heroism.
  7139 | D:9      | Reached skill level 14 in Ranged Weapons
  7293 | D:9      | Found a staircase to the Lair.
  7420 | D:9      | Reached *** piety under Okawaru
  7548 | D:9      | 7548 ||| PLANNING LAIR
  7548 | D:9      | 7548 ||| READING 2 scrolls of identify.
  7548 | D:9      | 7548 ||| IDENTIFYING fuming dark potion
  7549 | D:9      | 7549 ||| DROPPING potion of invisibility.
  7569 | Lair:1   | Entered Level 1 of the Lair of Beasts
  7581 | Lair:1   | Identified the +2 leather armour of Circular Logic {rC-
                  | Dex+6 Stlth+}
  7759 | Lair:1   | Received a gift from Okawaru
  7934 | Lair:1   | Reached XP level 11. HP: 99/99 MP: 13/13
  7937 | Lair:1   | 7937 ||| INVOKING Heroism.
  7988 | Lair:1   | 7988 ||| INVOKING Heroism.
  7988 | Lair:1   | HP: 10/99 [blink frog (16)]
  7989 | Lair:1   | 7989 ||| READING scroll of teleportation.
  7990 | Lair:1   | HP: 3/99 [wolf (8)]
  7991 | Lair:1   | Slain by a wolf

Levels and vault maps discovered:
D:1:      arrival_zaba_pyramid, layout_basic
D:2:      layout_rooms, chequers_serial_rivers_room_a
D:3:      layout_basic, serial_shops, shop_fountains, minivault_4,
          kennysheep_generic_room_5
D:4:      layout_basic, vehumet_crystals, minmay_temple_entry_stoned_glass
D:5:      layout_cave_pods, mainiacjoe_overflow_alcove_4,
          mainiacjoe_overflow_surrounded_room
D:6:      layout_cave_pods, pf_just_have_faith,
          mainiacjoe_overflow_cross_hatched,
          mainiacjoe_overflow_concentric_impassable, serial_shops, shop,
          ebering_ghost_reflecting_pool
D:7:      layout_rooms, hangedman_decor_riveting
D:8:      black_bear_nest_2, layout_cave_pools, hangedman_glass_teeth,
          uniq_grum, uniq_maurice
D:9:      layout_rooms, minmay_lair_entry_grove
D:10:     layout_roguey, beargit_hepliaklqana_dungeon_heroes, uniq_amaemon
D:11:     layout_rooms, david_orc_3, uniq_erica
Temple:   nicolae_temple_no_exploring_needed
Lair:1:   layout_chaotic_city, columned_hall_lemuel,
          nicolae_quartered_pool_super

Skill      XL: |  1  2  3  4  5  6  7  8  9 10 |
---------------+-------------------------------+-----
Ranged Weapons | 6 7 8 9 10 12 14 | 14.3
Fighting       | 3 4 5 7 8 10 | 10.0
Armour         | 1 2 4 |  4.0
Invocations    | 3 4 |  4.0
Dodging        | 3 5 7 |  7.2
Stealth        | |  0.7

Action                     |  1- 3 |  4- 6 |  7- 9 | 10-12 || total
---------------------------+-------+-------+-------+-------++-------
   Fire: Shortbow          |    69 |    85 |       |       ||   154
         Arbalest          |       |    45 |   193 |   172 ||   410
 Invoke: Heroism           |       |       |    14 |     6 ||    20
    Use: Scroll            |     1 |     6 |    12 |     4 ||    23
         Potion            |       |     1 |     3 |       ||     4
 Armour: Leather armour    |     7 |     5 |       |       ||    12
         Ring mail         |       |     6 |    33 |       ||    39
         Robe              |       |       |       |    37 ||    37
  Dodge: Dodged            |     9 |    25 |    76 |    84 ||   194

Table legend:
 A = Non-vault XP
 B = Vault XP
 C = Vault XP percentage of total XP
 D = Non-vault monster count
 E = Vault monster count
 F = Vault count percentage of total count
                 A         B        C        D         E       F
            +---------+---------+-------+---------+---------+-------
      Total |    8915 |    2834 |  24.1 |     179 |      20 |  10.1
            +---------+---------+-------+---------+---------+-------
        D:1 |      32 |       0 |   0.0 |      19 |       0 |   0.0
        D:2 |     129 |       0 |   0.0 |      11 |       0 |   0.0
        D:3 |      24 |       5 |  17.2 |      13 |       2 |  13.3
        D:4 |     229 |       0 |   0.0 |      23 |       0 |   0.0
        D:5 |    1046 |       0 |   0.0 |      19 |       0 |   0.0
        D:6 |     620 |       0 |   0.0 |       7 |       0 |   0.0
        D:7 |    1734 |       0 |   0.0 |      18 |       0 |   0.0
        D:8 |     540 |    1120 |  67.5 |      12 |       6 |  33.3
        D:9 |    2413 |    1709 |  41.5 |      37 |      12 |  24.5
       D:10 |     299 |       0 |   0.0 |       8 |       0 |   0.0
       D:11 |       2 |       0 |   0.0 |       1 |       0 |   0.0
     Lair:1 |    1847 |       0 |   0.0 |      11 |       0 |   0.0
            +---------+---------+-------+---------+---------+-------
